 Dungeon Crawl Stone Soup version bcrawl-1.41.1 (webtiles) character file.

Game seed: 11494368016763190639

131097 Grimmash the Sneak (level 5, -8/39 HPs)
             Began as a Formicid Archaeologist on Apr 18, 2024.
             Mangled by a worm (10 damage)
             ... on level 3 of the Dungeon.
             The game lasted 00:02:25 (2207 turns).

Grimmash the Sneak (Formicid Archaeologist)         Turns: 2207, Time: 00:02:25

Health: -8/39      AC:  6    Str: 17    XL:     5   Next: 13%
Magic:  5/5        EV: 12    Int: 13    God:
Gold:   121        SH:  0    Dex:  9    Spells: 4/4 levels left

rFire    . . .     GDR:     22% a - +1 bardiche "Gileb" {chop, +Fly}
rCold    . . .     SeeInvis +   (no shield)
rNeg     . . .     Gourm    .   c - +1 robe
rPois    .         Faith    .   (helmet unavailable)
rElec    .         Spirit   .   (no cloak)
rCorr    .         Reflect  .   k - +0 pair of gloves
MR       .....                  d - +1 pair of boots
Stlth    ++........             (no amulet)
HPRegen  0.16/turn              (no ring)
MPRegen  0.09/turn              (no ring)

@: no status effects
A: permanent stasis, dig shafts and tunnels, four strong arms, antennae 3
a: Dig, Shaft Self, Evoke Flight


You were on level 3 of the Dungeon.
You were hungry.

You visited 1 branch of the dungeon, and saw 3 of its levels.

You collected 121 gold pieces.

Inventory:

Hand Weapons
 a - the +1 bardiche "Gileb" (weapon) {chop, +Fly}
   (You acquired it on level 3 of the Dungeon)

   It will always inflict at least some extra damage.
   This minimum extra damage increases with your current reserve of magical
   power.
   It lets you fly.
 b - a +0 blowgun
Missiles
 h - 6 curare-tipped needles
 m - 369 arrows
 o - 148 bolts
Armour
 c - a +1 robe (worn)
 d - a +1 pair of boots (worn)
 j - a +0 plate armour
 k - a +0 pair of gloves (worn)
 u - a +1 pair of boots
Scrolls
 f - a scroll of revelation
 i - 3 scrolls of identify
 l - 3 scrolls of remove curse {unknown}
 q - a scroll of blinking {unknown}
 r - a scroll of fog {unknown}
 s - a scroll of immolation {unknown}
 t - a scroll of enchant armour {unknown}
Potions
 n - 2 potions of heal wounds {unknown}
 p - a potion of cancellation {unknown}
Comestibles
 e - 2 rations {!d}
 g - a chunk of flesh


   Skills:
 * Level 2.4 Fighting
   Level 2.3 Maces & Flails
 * Level 0.2 Polearms
 * Level 1.2 Armour
 * Level 3.4 Dodging
 + Level 4.5 Stealth


You had 4 spell levels left.
You didn't know any spells.
Your spell library was empty.

Dungeon Overview and Level Annotations

Branches:
Dungeon (3/12)

Altars:
Fedhas
Qazlal
Xom


Innate Abilities, Weirdness & Mutations

You cannot be hasted, slowed, berserked, paralysed or teleported.
You can dig through walls and to a lower floor.
Your four strong arms can wield two-handed weapons with a shield.
You have a pair of large antennae on your head. (SInv)


Message History

You are too injured to fight recklessly!
You are too injured to fight recklessly!
No path to travel!
You barely miss the worm. The worm bites you! The worm closely misses you.
You barely miss the worm. The worm barely misses you.
You slash the worm!
The worm is heavily wounded.
The worm bites you.
You barely miss the worm.
The worm is moderately wounded.
The worm bites you.
* * * LOW HITPOINT WARNING * * *
You barely miss the worm.
The worm is moderately wounded.
The worm bites you!
* * * LOW HITPOINT WARNING * * *
You barely miss the worm.
The worm is moderately wounded.
The worm barely misses you. The worm bites you!
You die...

....# ..# ....# #.##
....#
....####..########....##
..... ..................
#...# #...............#
....####..............#
....##............).#.##
................@%......
................)w......
.....#.#.......#........
†..............#....<.(.
....).#.......##........
.............!##........
...##...................
..###<##.....#....%.....
.###..#......$.#


You could see a worm.

Vanquished Creatures
  A crimson imp (D:2)
  An adder (D:3)
  2 worms
  A dart slug (D:3)
  3 leopard geckos (D:1)
  3 orcs (D:3)
  3 bats
  A giant cockroach (D:2)
  4 goblins
  9 hobgoblins
  7 jackals
  6 kobolds
  A frilled lizard (D:1)
  4 rats
46 creatures vanquished.

Notes
Turn   | Place    | Note
-------+----------+-------------------------------------------
     0 | D:1      | Grimmash the Formicid Archaeologist began the quest for the
                  | Orb.
     0 | D:1      | Reached XP level 1. HP: 15/15 MP: 1/1
   151 | D:1      | Reached XP level 2. HP: 21/21 MP: 2/2
   879 | D:1      | Reached XP level 3. HP: 26/26 MP: 3/3
  1083 | D:2      | Found a blossoming altar of Fedhas.
  1173 | D:2      | Found a stormy altar of Qazlal.
  1510 | D:2      | Found a shimmering altar of Xom.
  1545 | D:2      | Reached XP level 4. HP: 13/33 MP: 4/4
  1631 | D:2      | Reached skill level 1 in Armour
  1969 | D:3      | Reached XP level 5. HP: 14/38 MP: 5/5
  1969 | D:3      | Identified a scroll of acquirement
  1969 | D:3      | Identified the +1 bardiche "Gileb" {chop, +Fly} (You
                  | acquired it on level 3 of the Dungeon)
  2207 | D:3      | Mangled by a worm

Skill      XL: |  1  2  3  4 |
---------------+-------------+-----
Dodging        | 3 |  3.4
Fighting       | 2 |  2.4
Maces & Flails | 2 |  2.3
Armour         | 1 |  1.2
Polearms       | |  0.2
Stealth        | |  4.5

Action                   |  1- 3 |  4- 6 || total
-------------------------+-------+-------++-------
Melee: Whip              |   144 |    23 ||   167
       Bardiche          |       |    26 ||    26
  Use: Potion            |     2 |       ||     2
       Scroll            |       |     1 ||     1
 Stab: Sleeping          |     4 |     2 ||     6
  Eat: Chunk             |     5 |     4 ||     9
Armor: Robe              |    61 |     9 ||    70
Dodge: Dodged            |   126 |    20 ||   146
